 Dungeon Crawl Stone Soup version 0.24-a0-246-gb963c9a (webtiles) character file.

40 XO4YCPATb the Ruffian (level 3, 26/32 HPs)
             Began as a Troll Monk on Mar 29, 2018.
             Quit the game on level 2 of the Dungeon on Apr 12, 2019.
             The game lasted 00:04:39 (869 turns).

XO4YCPATb the Ruffian (Troll Monk)                   Turns: 869, Time: 00:04:40

Health: 26/32      AC:  5    Str: 21    XL:     3   Next: 30%
Magic:  2/2        EV: 10    Int:  7    God:
Gold:   52         SH:  0    Dex: 12    Spells: 2/2 levels left

rFire    . . .     SeeInvis .     - Unarmed
rCold    . . .     Gourm    +   (no shield)
rNeg     . . .     Faith    .   a - +0 robe
rPois    .         Spirit   .   (helmet restricted)
rElec    .         Reflect  .   (no cloak)
rCorr    .         Harm     .   (gloves unavailable)
MR       .....                  (boots unavailable)
Stlth    ++........             (no amulet)
HPRegen  0.50/turn              (no ring)
MPRegen  0.08/turn              (no ring)

@: no status effects
A: large, unfitting armour, claws 3, fast metabolism 3, frail 1, gourmand,
regeneration 1, shaggy fur 1, strong 1, tough skin 2
a: no special abilities


You were on level 2 of the Dungeon.
You were completely stuffed.

You visited 1 branch of the dungeon, and saw 2 of its levels.

You collected 52 gold pieces.

Inventory:

Armour
 a - a +0 robe (worn)
Scrolls
 d - a scroll of identify {unknown}
Potions
 c - a potion of magic {unknown}
 e - a potion of ambrosia {unknown}
 g - a potion of flight {unknown}
 i - a potion of curing {unknown}
Comestibles
 b - 3 rations
 h - 2 chunks of flesh


   Skills:
 - Level 2.4 Fighting
 + Level 2.8 Dodging
 - Level 1.0 Stealth
 * Level 4.0 Unarmed Combat


You had 2 spell levels left.
You didn't know any spells.
Your spell library was empty.

Dungeon Overview and Level Annotations

Branches:
Dungeon (2/15)

Altars:


Innate Abilities, Weirdness & Mutations

You are too large for most types of armour.
You have claws for hands.
Your metabolism is lightning-fast.
You like to eat raw meat.
Your natural rate of healing is unusually fast.
You are covered in fur. (AC +1)
You have very tough skin. (AC +2)
You are frail. (-10% HP)
Your muscles are strong. (Str +2)


Message History

Found 16 stones.
Items here: ( )) † an uncursed dagger; an uncursed hunting sling of freezing; 15 stones a goblin corpse A leopard gecko comes into view.
The goblin unwields an uncursed hunting sling.
The goblin hits you but does no damage.
You claw the goblin!
You kill the goblin!
No target in view!
No target in view!
An orc comes into view. It is wielding a club.
Things that are here:
an uncursed hunting sling; 11 stones; a goblin corpse Saving game... please wait.
Welcome back, XO4YCPATb the Troll Monk.
Press ? for a list of commands and other information.
Welcome back, XO4YCPATb the Troll Monk.
Press ? for a list of commands and other information.
Are you sure you want to abandon this character and quit the game? (Confirm with "yes".)

, * , * #.. *, #.#
#(.#.##.# , *
..#.#..o * ,
#....#..# , , *
#.#..#..### *
####....#....# , ,
#.....#.##@#
#.....#....# * #
#.....#.(#.#
#.#.....#(.#.# *
#...<...#...## **
.....#.....#.#..#.#
.#.....##.#.(.....#
* #.....
#.#.#.#.$...
*#.....
#.#.#.#.#.##* *


You could see an orc (wandering).

Vanquished Creatures
  An adder (D:2)
  An ooze (D:1)
  2 giant cockroaches (D:1)
  3 goblins
  4 hobgoblins (D:1)
  2 jackals (D:1)
  A quokka (D:2)
  A ball python (D:1)
  2 bats
  2 frilled lizards (D:1)
  4 kobolds (D:1)
  3 rats (D:1)
26 creatures vanquished.

Notes
Turn   | Place    | Note
-------+----------+-------------------------------------------
     0 | D:1      | XO4YCPATb the Troll Monk began the quest for the Orb.
     0 | D:1      | Reached XP level 1. HP: 22/22 MP: 0/0
   236 | D:1      | Reached XP level 2. HP: 29/29 MP: 1/1
   828 | D:2      | Reached skill level 4 in Unarmed Combat
   828 | D:2      | Reached XP level 3. HP: 32/36 MP: 2/2
   841 | D:2      | Gained mutation: You are dopey. (Int -2) [potion of
                  | mutation]
   841 | D:2      | Gained mutation: You passively map a small area around you.
                  | [potion of mutation]
   852 | D:2      | Lost mutation: You are dopey. (Int -2) [potion of mutation]
   852 | D:2      | Lost mutation: You passively map a small area around you.
                  | [potion of mutation]
   852 | D:2      | Gained mutation: You are frail. (-10% HP) [potion of
                  | mutation]
   852 | D:2      | Gained mutation: Your muscles are strong. (Str +2) [potion
                  | of mutation]
   869 | D:2      | Quit the game

Levels and vault maps discovered:
D:1:      nzn_arrival_settlement, dk_noncrumbling_2
D:2:      lemuel_round_altar, uniq_terence, uniq_crazy_yiuf_cottage,
          uniq_jessica

Skill      XL: |  1  2 |
---------------+-------+-----
Unarmed Combat | 4 |  4.0
Fighting       | |  2.4
Dodging        | |  2.8
Stealth        | |  1.0

Action                   || total
-------------------------++-------
Melee: Unarmed           ||    66
  Use: Potion            ||     2
 Stab: Sleeping          ||     4
  Eat: Chunk             ||    13
Armor: Robe              ||    19
Dodge: Dodged            ||    41

Table legend:
 A = Non-vault XP
 B = Vault XP
 C = Vault XP percentage of total XP
 D = Non-vault monster count
 E = Vault monster count
 F = Vault count percentage of total count
                 A         B        C        D         E       F
            +---------+---------+-------+---------+---------+-------
      Total |      58 |       0 |   0.0 |      26 |       0 |   0.0
            +---------+---------+-------+---------+---------+-------
        D:1 |      38 |       0 |   0.0 |      21 |       0 |   0.0
        D:2 |      20 |       0 |   0.0 |       5 |       0 |   0.0
            +---------+---------+-------+---------+---------+-------
